 Dungeon Crawl Stone Soup version 0.22-a0-815-gb582571 (webtiles) character file.

79 Amnesiac the Digger (level 4, -3/30 HPs)
             Began as a Mummy Earth Elementalist on July 23, 2018.
             Slain by a water moccasin skeleton (5 damage)
             ... on level 5 of the Dungeon.
             The game lasted 00:02:08 (1069 turns).

Amnesiac the Digger (Mummy Earth Elementalist)      Turns: 1069, Time: 00:02:08

Health: -3/30      AC:  2    Str: 11    XL:     4   Next: 17%
Magic:  3/9        EV: 12    Int: 15    God:
Gold:   79         SH:  0    Dex:  9    Spells: 0/10 levels left

rFire    x . .     SeeInvis .   a - +0 whip (drain)
rCold    + . .     Gourm    .   (no shield)
rNeg     + + +     Faith    .   c - +0 robe
rPois    ∞         Spirit   .   (no helmet)
rElec    .         Reflect  .   (no cloak)
rCorr    .         Harm     .   (no gloves)
MR       .....                  (no boots)
Stlth    ++........             (no amulet)
HPRegen  0.10/turn              e - -3 ring of dexterity (curse)
MPRegen  0.11/turn              (no ring)

@: very slightly contaminated
A: no food or potions, fire vulnerability, cold resistance 1, negative energy
resistance 3, torment resistance, unbreathing
a: no special abilities


You were on level 5 of the Dungeon.
You were not hungry.

You visited 1 branch of the dungeon, and saw 5 of its levels.

You collected 79 gold pieces.

Inventory:

Hand Weapons
 a - a +0 whip of draining (weapon)
Missiles
 b - 51 stones (quivered)
Armour
 c - a +0 robe (worn)
 g - a +0 buckler
Jewellery
 e - a cursed -3 ring of dexterity (left hand)
Scrolls
 d - 5 scrolls of identify {!r, unknown}
 f - a scroll of blinking {!r, unknown}


   Skills:
 - Level 1.5 Dodging
 - Level 1.5 Stealth
 + Level 0.1 Shields
 + Level 3.7 Spellcasting
 - Level 0.7 Transmutations
 * Level 3.7 Earth Magic


You couldn't memorise any spells.
You knew the following spells:

 Your Spells              Type           Power        Failure   Level  Hunger
a - Sandblast             Erth           ##....       4%          1    N/A
b - Passwall              Tmut/Erth      #.......     11%         2    N/A
c - Stone Arrow           Conj/Erth      #.....       26%         3    N/A
e - Petrify               Tmut/Erth      #.......     58%         4    N/A

Your spell library contained the following spells:

 Spells                   Type           Power        Failure   Level  Hunger
 Lee's Rapid Deconstruct  Erth           ##........   73%         5    N/A

Dungeon Overview and Level Annotations

Branches:
Dungeon (5/15)
 Temple: D:4-7

Altars:


Innate Abilities, Weirdness & Mutations

You do not eat or drink.
Your flesh is vulnerable to fire.
You are immune to poison.
Your flesh is cold resistant. (rC+)
You are immune to negative energy. (rN+++)
You are immune to unholy pain and torment.
You can survive without breathing.


Message History

Confirm with . or Enter, or press ? or * to list all spells.
You can't see any susceptible monsters within range! (Use Z to cast anyway.)
Casting: Sandblast (safe; 4% risk of failure)
Confirm with . or Enter, or press ? or * to list all spells.
You can't see any susceptible monsters within range! (Use Z to cast anyway.)
Casting: Sandblast (safe; 4% risk of failure)
Confirm with . or Enter, or press ? or * to list all spells.
You can't see any susceptible monsters within range! (Use Z to cast anyway.)
Casting: Sandblast (safe; 4% risk of failure)
Confirm with . or Enter, or press ? or * to list all spells.
Aiming: Sandblast (safe; 4% risk of failure)
Press: ? - help, Shift-Dir - straight line, f - water moccasin skeleton
Aim: a water moccasin skeleton The blast of sand hits the water moccasin skeleton.
The water moccasin skeleton is lightly damaged.
b - 55 stones
Casting: Sandblast (safe; 4% risk of failure)
Confirm with . or Enter, or press ? or * to list all spells.
Aiming: Sandblast (safe; 4% risk of failure)
Press: ? - help, Shift-Dir - straight line, f/p - water moccasin skeleton
Aim: a water moccasin skeleton (lightly damaged)
The blast of sand hits the water moccasin skeleton.
The water moccasin skeleton is heavily damaged.
b - 54 stones The water moccasin skeleton bites you!
* * * LOW HITPOINT WARNING * * *
Casting: Sandblast (safe; 4% risk of failure)
Confirm with . or Enter, or press ? or * to list all spells.
Aiming: Sandblast (safe; 4% risk of failure)
Press: ? - help, Shift-Dir - straight line, f/p - water moccasin skeleton
Aim: a water moccasin skeleton (heavily damaged)
You miscast Sandblast.
You are very lightly contaminated with residual magic.
The floor vibrates.
The water moccasin skeleton bites you.
* * * LOW HITPOINT WARNING * * *
Casting: Sandblast (safe; 4% risk of failure)
Confirm with . or Enter, or press ? or * to list all spells.
Aiming: Sandblast (safe; 4% risk of failure)
Press: ? - help, Shift-Dir - straight line, f/p - water moccasin skeleton
Aim: a water moccasin skeleton (heavily damaged)
The blast of sand hits the water moccasin skeleton.
The water moccasin skeleton is severely damaged.
b - 53 stones The water moccasin skeleton closely misses you.
Casting: Sandblast (safe; 4% risk of failure)
Confirm with . or Enter, or press ? or * to list all spells.
Aiming: Sandblast (safe; 4% risk of failure)
Press: ? - help, Shift-Dir - straight line, f/p - water moccasin skeleton
Aim: a water moccasin skeleton (severely damaged)
The blast of sand hits the water moccasin skeleton.
The water moccasin skeleton is almost destroyed.
b - 52 stones The water moccasin skeleton bites you.
* * * LOW HITPOINT WARNING * * *
Casting: Sandblast (safe; 4% risk of failure)
Confirm with . or Enter, or press ? or * to list all spells.
Aiming: Sandblast (safe; 4% risk of failure)
Press: ? - help, Shift-Dir - straight line, f/p - water moccasin skeleton
Aim: a water moccasin skeleton (almost destroyed)
The blast of sand hits the water moccasin skeleton.
The water moccasin skeleton is almost destroyed.
b - 51 stones The water moccasin skeleton bites you.
You die...

#.............#
#.......####### ..
#.......##....##..
#........#........
#........#.$......
#........#........
##......##....#
##......##.Z..#
#.........@...#
#..............#
#..............#
#..............#
#..............#
#..............#
#..............#
################


You could see a water moccasin skeleton.

Vanquished Creatures
  An orc wizard (D:4)
  An adder (D:5)
  2 dart slugs
  2 leopard geckos
  5 orcs
  3 giant cockroaches
  A goblin (D:3)
  6 jackals (D:3)
  A quokka (D:2)
  2 frilled lizards (D:2)
  5 kobolds (D:2)
  A rat (D:2)
30 creatures vanquished.

Notes
Turn   | Place    | Note
-------+----------+-------------------------------------------
     0 | D:1      | Amnesiac the Mummy Earth Elementalist began the quest for the Orb.
     0 | D:1      | Reached XP level 1. HP: 13/13 MP: 4/4
    95 | D:2      | Reached XP level 2. HP: 15/19 MP: 0/5
   105 | D:2      | Learned a level 2 spell: Passwall
   578 | D:3      | Reached XP level 3. HP: 21/24 MP: 4/7
   878 | D:4      | Reached XP level 4. HP: 25/30 MP: 9/9
   883 | D:4      | Learned a level 3 spell: Stone Arrow
   888 | D:4      | Learned a level 4 spell: Petrify
   959 | D:5      | Entered Level 5 of the Dungeon
  1069 | D:5      | Slain by a water moccasin skeleton

Vault maps used:
D:1:      sevenhm_arrival_forest_fort_small_6, hangedman_decor_opposing,
          hex_large, lemuel_old_faithful
D:2:      uniq_terence
D:3:      cheibrodos_greedy_goblins, grunt_gozag_breadcrumbs
D:4:      lemuel_crystal_altar, first_ration, kennysheep_generic_room_14,
          uniq_sigmund
D:5:      black_bear_nest_2, nicolae_overflow_hidden_temple,
          minmay_temple_entry_statues_pillars, gup_sewer_entry_spiral,
          uniq_duvessa

Skill      XL: |  1  2 |
---------------+-------+-----
Spellcasting   | 3 |  3.7
Earth Magic    | 3 |  3.7
Dodging        | |  1.5
Stealth        | |  1.5
Shields        | |  0.1
Transmutations | |  0.7

Action                   |  1- 3 |  4- 6 || total
-------------------------+-------+-------++-------
Melee: Unarmed           |     8 |       ||     8
       Whip              |    29 |     9 ||    38
 Cast: Sandblast         |    36 |     8 ||    44
 Stab: Sleeping          |     1 |       ||     1
Armor: Robe              |    11 |     1 ||    12
Dodge: Dodged            |    43 |     8 ||    51

Table legend:
 A = Spawn XP
 B = Non-spawn XP
 C = Spawn XP percentage of total XP
 D = Spawn monster count
 E = Non-spawn monster count
 F = Spawn count percentage of total count
 G = Total turns spent on level
                    A         B        C        D         E        F      G
               +---------+---------+-------+---------+---------+-------+---------
         Total |       0 |     114 |   0.0 |       0 |      30 |   0.0 |  1069
               +---------+---------+-------+---------+---------+-------+---------
           D:1 |       0 |       4 |   0.0 |       0 |       1 |   0.0 |    82
           D:2 |       0 |      22 |   0.0 |       0 |      13 |   0.0 |   315
           D:3 |       0 |      26 |   0.0 |       0 |      11 |   0.0 |   325
           D:4 |       0 |      48 |   0.0 |       0 |       4 |   0.0 |   258
           D:5 |       0 |      14 |   0.0 |       0 |       1 |   0.0 |    89
               +---------+---------+-------+---------+---------+-------+---------
